 Dungeon Crawl Stone Soup version 0.27-a0-323-gbd089401bb (webtiles) character file.

Game seed: 4346405561796904049

192 SkeletonJelly the Slasher (level 5, -3/49 HPs)
             Began as a Tengu Gladiator on Feb 11, 2021.
             Slain by Sigmund
             ... wielding a +0 scythe of protection
              (6 damage)
             ... on level 4 of the Dungeon.
             The game lasted 00:10:13 (4189 turns).

SkeletonJelly the Slasher (Tengu Gladiator)         Turns: 4189, Time: 00:10:14

Health: -3/49      AC: 22    Str: 15    XL:     5   Next: 71%
Magic:  5/5        EV:  2    Int:  8    God:
Gold:   185        SH:  0    Dex: 16    Spells: 4/4 levels left

rFire    . . .     SeeInvis .   a - +0 long sword
rCold    . . .     Faith    .   (no shield)
rNeg     + + +     Spirit   .   (armour currently unavailable)
rPois    +         Reflect  .   (helmet currently unavailable)
rElec    .         Harm     .   (cloak currently unavailable)
rCorr    .         Rampage  .   (gloves currently unavailable)
Will     .....     Clarity  +   (boots unavailable) Stlth +.........NoTele +
                                (no amulet)
HPRegen  0.16/turn              f - +4 ring of evasion
MPRegen  0.09/turn              (no ring)

@: tree-form, hasted (expiring), very quick
A: clarity, low mp 1, MP-powered wands, able to fly
a: no special abilities


You were on level 4 of the Dungeon.
You were a tree.
You visited 1 branch of the dungeon, and saw 4 of its levels.

You collected 185 gold pieces.

Inventory:

Hand Weapons
 a - a +0 long sword (weapon)
Missiles
 d - 2 throwing nets (quivered)
Armour
 b - a +0 leather armour (melded)
 c - a +0 hat (melded)
 k - a +4 chain mail
 o - a scarf of repulsion (melded)
 u - a +0 pair of gloves
Jewellery
 f - a +4 ring of evasion (left branch)
Scrolls
 e - a scroll of fog {unknown}
 h - 3 scrolls of teleportation {unknown}
 j - 2 scrolls of identify {unknown}
 l - 2 scrolls of enchant weapon {unknown}
 m - a scroll of noise {unknown}
 n - 5 scrolls of amnesia {unknown}
 p - 2 scrolls of enchant armour {unknown}
 q - a scroll of immolation {unknown}
 r - a scroll of blinking {unknown}
Potions
 s - a potion of mutation


   Skills:
 * Level 3.7 Fighting
 * Level 4.8 Long Blades
 - Level 2.0 Throwing
 - Level 1.5 Armour
 + Level 4.1 Dodging


You had 4 spell levels left.
You didn't know any spells.
Your spell library was empty.

Dungeon Overview and Level Annotations

Branches:
Dungeon (4/15)
 Temple: D:4-7

Altars:
Ashenzari
Hepliaklqana
Kikubaaqudgha
Qazlal
Xom
Yredelemnul
Zin

Shops:
D:4 (

Annotations:
D:4 Sigmund


Innate Abilities, Weirdness & Mutations

((You have a beak for a mouth.))
((You have claws for feet.))
You can fly continuously.
You possess an exceptional clarity of mind.
((Your flesh is cold resistant. (rC+)))
Your magical capacity is low. (-10% MP)
You expend magic power (3 MP) to strengthen your wands.


Message History

Sigmund the Dreaded comes into view.
He is wielding a +0 scythe of protection and wearing a +1 robe of positive energy.
Sigmund shouts!
You hit the worm. Your kick misses the worm.
The worm is moderately wounded.
The worm misses you.
You riposte.
You hit the worm. Your peck misses the worm.
The worm is heavily wounded.
You hit the worm.
The worm is almost dead.
Sigmund gestures at you while chanting. The magic dart hits you!
You take 7 damage, and have 26/33 hp.
MASSIVE DAMAGE!!
You hit the worm. You claw the worm.
You kill the worm!
Sigmund misses you. Sigmund barely misses you.
Okay, then.
It was a potion of haste.
You feel yourself speed up.
You closely miss Sigmund. You claw Sigmund, but do no damage.
Sigmund casts a spell at you. You resist with some effort.
You hit Sigmund. You claw Sigmund, but do no damage.
You peck Sigmund, but do no damage.
Sigmund is lightly wounded.
Sigmund casts a spell at you. The magic dart hits you.
You take 5 damage, and have 21/33 hp.
You closely miss Sigmund.
Sigmund is lightly wounded.
Sigmund points at you and mumbles some strange words.
You feel momentarily confused.
You hit Sigmund. You peck Sigmund.
Sigmund is lightly wounded.
You barely miss Sigmund. Your kick misses Sigmund. You peck Sigmund.
Sigmund is moderately wounded.
Sigmund misses you.
You hit Sigmund. You claw Sigmund, but do no damage.
You peck Sigmund, but do no damage.
Sigmund is moderately wounded.
Sigmund hits you with a +0 scythe of protection!
You take 11 damage, and have 11/33 hp.
MASSIVE DAMAGE!!
You hit Sigmund but do no damage. You claw Sigmund.
You peck Sigmund, but do no damage.
Sigmund is heavily wounded.
It was a potion of lignification.
You turn into a tree.
Your scarf of repulsion melds into your body.
Your +0 hat melds into your body.
Your +0 leather armour melds into your body.
The haze of the repulsion field disappears.
Your roots penetrate the ground.
You now have 17/49 hp.
You hit Sigmund but do no damage.
Sigmund is heavily wounded.
Sigmund gestures at you while chanting.
You feel momentarily confused.
You hit Sigmund but do no damage.
Sigmund is heavily wounded.
Sigmund hits you but does no damage.
You hit Sigmund but do no damage.
Sigmund is heavily wounded.
You hit Sigmund.
Sigmund is heavily wounded.
Sigmund gestures at himself while chanting.
Sigmund flickers and vanishes!
Deactivating autopickup; reactivate with Ctrl-A.
You hit something but do no damage. Something hits you but does no damage.
You barely miss something. You miss something.
Something hits you but does no damage.
You hit something. You miss something. Something hits you!
* * * LOW HITPOINT WARNING * * *
You take 6 damage, and have 11/49 hp.
You closely miss something. You hit something but do no damage.
Something hits you but does no damage.
It was a potion of flight.
Your roots keep you in place.
You hit something but do no damage. Something hits you but does no damage.
You hit something but do no damage. You hit something but do no damage.
You hear some strange, mumbled words.
A puff of flame appears from out of thin air!
The puff of flame hits you but does no damage.
You hit something but do no damage. You hit something but do no damage.
You hear some strange, mumbled words.
A magic dart appears from out of thin air!
The magic dart hits you!
* * * LOW HITPOINT WARNING * * *
You take 8 damage, and have 3/49 hp.
You aren't carrying any items that you can evoke.
Throw: 3 throwing nets
Press: ? - help, Q - select action Shift-Dir - straight line You throw a throwing net.
Something gets caught in the net!
Something wriggles in the net.
You hit something but do no damage. You hit something.
Something wriggles in the net.
You barely miss something.
Something wriggles in the net.
You hit something but do no damage.
Your extra speed is starting to run out.
Something wriggles in the net.
All of a sudden the net rips apart!
You barely miss something. Something hits you.
You die...

###+####
#......#
#...♣#'###
#...{+∩'.#####
#....#+#.....#
#..... #####.#
#..... #.#
....... #.#
........ #.#
...####### #.#
########.#


There were no monsters in sight!

Vanquished Creatures
  2 worker ants (D:4)
  5 adders
  2 worms
  4 dart slugs
  2 leopard geckos (D:1)
  A ball python (D:1)
  4 giant cockroaches
  6 goblins
  9 hobgoblins
  12 jackals
  2 quokkas (D:4)
  10 bats
  4 frilled lizards
  7 kobolds
  11 rats
81 creatures vanquished.

Notes
Turn   | Place    | Note
-------+----------+-------------------------------------------
     0 | D:1      | SkeletonJelly the Tengu Gladiator began the quest for the
                  | Orb.
     0 | D:1      | Reached XP level 1. HP: 12/12 MP: 2/2
   136 | D:1      | Reached XP level 2. HP: 4/17 MP: 3/3
   486 | D:1      | Reached XP level 3. HP: 13/22 MP: 4/4
  1201 | D:1      | Reached skill level 1 in Armour
  1327 | D:2      | Reached XP level 4. HP: 21/27 MP: 5/5
  1810 | D:2      | Found a shimmering altar of Xom.
  2543 | D:3      | Found a faded altar of an unknown god.
  2808 | D:3      | Found a broken altar of Ashenzari.
  3064 | D:3      | Found a hazy altar of Hepliaklqana.
  3391 | D:3      | Found a glowing silver altar of Zin.
  3598 | D:4      | Gained mutation: You can fly continuously. [Tengu growth]
  3598 | D:4      | Reached XP level 5. HP: 29/32 MP: 6/6
  3666 | D:4      | Gained mutation: You expend magic power (3 MP) to
                  | strengthen your wands. [potion of mutation]
  3666 | D:4      | Gained mutation: Your flesh is cold resistant. (rC+)
                  | [potion of mutation]
  3666 | D:4      | Gained mutation: Your magical capacity is low. (-10% MP)
                  | [potion of mutation]
  3666 | D:4      | Gained mutation: You possess an exceptional clarity of
                  | mind. [potion of mutation]
  4070 | D:4      | Found a stormy altar of Qazlal.
  4070 | D:4      | Found an ancient bone altar of Kikubaaqudgha.
  4075 | D:4      | Found a basalt altar of Yredelemnul.
  4145 | D:4      | Found Bommuuco's Antique Weapon Boutique.
  4152 | D:4      | Noticed Sigmund
  4189 | D:4      | Slain by Sigmund

Illustrated notes

Levels and vault maps discovered:
D:1:      lightli_arrival_lavapool, layout_basic, serial_corexii_hall,
          corexii_hall_statues_deadend, corexii_hall_statues_x,
          corexii_hall_statues_l, corexii_hall_statues_t
D:2:      layout_basic, xom_teletrap_fun
D:3:      layout_loops_corners, zin_scriptorium, nzn_hepliaklqana_mist_gate,
          nicolae_overflow_crystal_walls, serial_co_window_serial,
          co_window_paths_b, co_window_paths_b, co_window_paths_a,
          co_window_cross_1, co_window_of_opportunity_a,
          co_window_of_opportunity_b, co_window_unsneaky_path_e,
          co_window_corner_b, co_window_4corner_b, co_window_sun,
          chequers_ecumenical_altar_island,
          wander_ebering_terrifying_dragon_lair
D:4:      layout_basic, minitemple, temple_statues, serial_shops,
          nicolae_shop_behind_doors, hex_medium, uniq_sigmund

Skill      XL: |  1  2  3  4  5 |
---------------+----------------+-----
Armour         | 1 |  1.5
Long Blades    | 4 |  4.8
Fighting       | 3 |  3.7
Dodging        | 4 |  4.1
Throwing       | |  2.0

Action                   |  1- 3 |  4- 6 || total
-------------------------+-------+-------++-------
Melee: Long sword        |    54 |   118 ||   172
       Kick              |    17 |    33 ||    50
       Peck              |     8 |    16 ||    24
Throw: Throwing net      |       |     1 ||     1
 Abil: Fly               |       |     1 ||     1
  Use: Potion            |       |     5 ||     5
 Stab: Sleeping          |     2 |     2 ||     4
Armor: Leather armour    |    17 |     9 ||    26
       Skin              |       |     6 ||     6
Dodge: Dodged            |    47 |    93 ||   140
       Rpst.: Long sword |    12 |    28 ||    40

Table legend: (Time is in decaauts)
 A = Elapsed time spent in this place.
 B = Non-inter-level travel time spent in this place.
 C = Inter-level travel time spent in this place.
 D = Time resting spent in this place.
 E = Time spent auto-exploring this place.
 F = Levels seen in this place.
 G = Mean time per level.
                   A        B        C        D        E       F      G
               +--------+--------+--------+--------+--------+-----+--------+
         Total |   4190 |   4006 |    184 |      0 |   3527 |   4 | 1047.5 |
       Dungeon |   4190 |   4006 |    184 |      0 |   3527 |   4 | 1047.5 |
               +--------+--------+--------+--------+--------+-----+--------+

Top non-repeatable levels by time:
     D:3: 1337 daAuts
     D:1: 1326 daAuts
     D:2: 950 daAuts
     D:4: 576 daAuts
